AoeStats
← Nichelson3360

Arena

510231102Analyzed
4v4 RM · 13h ago on Sep 30, 2026· 39m 42s· 8 players
Game mode
Random Map
Map size
Large (8 player)
Population
200
Speed
Normal
Resources
Standard
Victory
Conquest
Starting age
Dark Age
Ending age
Imperial Age
RankedLock teamsTeams togetherTeam positionsShared explorationLock speedFull tech treeHidden civsTurbo modeCheats
Victory
Defeat
🇨🇴 Turks · Colombia
1281
+9
🇨🇴 Mongols · Colombia
1099
+16
🇨🇴 Bohemians · Colombia
1029
+19
🇨🇴 Malians · Colombia
997
+20
🇨🇱 Cumans · Chile
1115
-17
🇨🇿 Franks · Czechia
1098
-16
🇮🇳 Poles · India
1095
-16
🇬🇹 Shu · Guatemala
1077
-15
Deadshot
8:51 Loom
11:25 Feudal Age
14:55 Castle Age
13:52 Double-Bit Axe
18:50 Bow Saw
20:13 Wheelbarrow
22:34 Gold Mining
22:36 Stone Mining
25:10 Gold Shaft Mining
30:56 Imperial Age
28:55 Husbandry
29:28 Hand Cart
28:58 Town Watch
29:22 Scale Barding Armor
30:54 Chain Barding Armor
30:46 Forging
30:58 Cavalier
33:24 Iron Casting
34:32 Conscription
34:41 Scale Mail Armor
35:07 Paladin
37:13 Plate Barding Armor
36:55 Chain Mail Armor
36:32 Capped Ram
Lifehack
11:47 Feudal Age
16:30 Castle Age
14:38 Double-Bit Axe
14:35 Horse Collar
17:40 Bow Saw
23:15 Loom
26:14 Wheelbarrow
26:24 Husbandry
26:35 Bloodlines
27:27 Hand Cart
27:53 Gold Mining
31:22 Imperial Age
30:01 Scale Barding Armor
30:08 Forging
31:13 Heavy Plow
31:56 Chain Barding Armor
32:04 Szlachta Privileges
32:31 Conscription
33:04 Crop Rotation
FeherFarkas
10:52 Feudal Age
14:55 Castle Age
14:26 Double-Bit Axe
14:42 Fletching
15:35 Padded Archer Armor
15:40 Loom
17:38 Elite Skirmisher
20:55 Bodkin Arrow
25:16 Ballistics
25:27 Bow Saw
26:28 Padded Archer Armor
Nichelson3360
7:32 Loom
11:25 Feudal Age
22:23 Castle Age
20:26 Double-Bit Axe
20:40 Horse Collar
21:36 Gold Mining
22:06 Bloodlines
22:31 Fletching
22:42 Padded Archer Armor
25:06 Bow Saw
26:30 Wheelbarrow
27:20 Thumb Ring
28:19 Heavy Plow
28:06 Light Cavalry
29:10 Forging
30:33 Hand Cart
30:22 Bodkin Arrow
31:57 Gold Shaft Mining
31:13 Stone Mining
35:12 Iron Casting
34:43 Scale Barding Armor
40:25 Imperial Age
38:56 Chain Barding Armor
39:28 Ballistics
39:04 Murder Holes
chomisplate
10:15 Feudal Age
11:30 Loom
14:36 Castle Age
13:25 Fletching
13:51 Double-Bit Axe
14:07 Horse Collar
15:46 Padded Archer Armor
17:41 Ballistics
18:35 Scale Barding Armor
19:53 Forging
22:10 Heavy Plow
27:07 Bloodlines
29:53 Husbandry
31:46 Iron Casting
31:21 Gold Mining
32:54 Wheelbarrow
37:58 Imperial Age
36:46 Chain Barding Armor
36:47 Bodkin Arrow
38:25 Hand Cart
39:30 Conscription
40:48 Blast Furnace
cubdie
9:54 Feudal Age
10:47 Loom
13:59 Castle Age
13:24 Double-Bit Axe
27:44 Imperial Age
27:30 Padded Archer Armor
29:11 Leather Archer Armor
38:44 Elite Janissary
williamvasquez83
11:27 Feudal Age
17:34 Castle Age
17:16 Scale Barding Armor
18:43 Double-Bit Axe
18:35 Man-at-Arms
21:50 Chain Barding Armor
22:52 Bloodlines
24:01 Bow Saw
24:11 Crossbowman
25:36 Stone Mining
25:41 Gold Mining
25:34 Horse Collar
26:31 Arson
26:53 Husbandry
32:09 Wheelbarrow
31:19 Loom
34:05 Forging
37:25 Heavy Plow
40:37 Imperial Age
38:50 Iron Casting
40:28 Hand Cart
zFox1982
12:20 Feudal Age
16:49 Castle Age
14:58 Horse Collar
15:29 Double-Bit Axe
18:06 Loom
19:33 Chemistry
21:40 Fervor
27:21 Imperial Age
27:26 Bow Saw
27:53 Heavy Plow
30:22 Conscription
32:47 Padded Archer Armor
36:06 Wheelbarrow
36:23 Leather Archer Armor
37:50 Fletching
Connection lost

Rejoining the realm…

Still unreachable

The connection could not be restored.

Session expired

The server has moved on; the page needs a fresh start.